 Dungeon Crawl Stone Soup version 0.29.0-13-gc9e81de378 (webtiles) character file.

Game seed: 6932854651206914420

15373 freelancePsychic the Geomancer (level 12, -8/96 HPs)
             Began as a Formicid Conjurer on Sept 7, 2022.
             Was the Champion of Okawaru.
             Mangled by a komodo dragon (47 damage)
             ... on level 3 of the Lair of Beasts.
             The game lasted 00:35:58 (16134 turns).

freelancePsychic the Geomancer (Formicid Conjurer) Turns: 16134, Time: 00:35:58

Health: -8/96      AC: 10    Str: 14    XL:     12   Next: 56%
Magic:  1/22       EV:  2    Int: 21    God:    Okawaru [******]
Gold:   743        SH:  0    Dex: 15    Spells: 5/25 levels left

rFire   . . .      SeeInvis +   a - +5 dagger (elec)
rCold   + . .      Faith    .   (no shield)
rNeg    . . .      Spirit   .   k - +2 robe of Okawaru's Fury {Rampage rPois rC+ Archmagi}
rPois   +          Reflect  .   (helmet unavailable)
rElec   .          Harm     .   (no cloak)
rCorr   .          Rampage  +   q - +2 pair of gloves {Dex+3}
Will    +....      Archmagi +   r - +2 pair of boots
Stlth   +++.......              y - amulet of regeneration
HPRegen 1.06/turn               g - ring of poison resistance
MPRegen 0.18/turn               (no ring)

@: mighty, sleeping, very slightly contaminated, studying Staves
A: permanent stasis, dig shafts and tunnels, antennae 3, four strong arms
a: Dig, Shaft Self, Renounce Religion, Heroism, Finesse, Duel


You were on level 3 of the Lair of Beasts.
You worshipped Okawaru.
Okawaru was exalted by your worship.
You visited 2 branches of the dungeon, and saw 12 of its levels.
You also visited: Ossuary.

You collected 825 gold pieces.
You spent 82 gold pieces at shops.

Inventory:

Hand Weapons
 a - a +5 dagger of electrocution (weapon)
 b - a +0 sling of flaming
 i - a +1 short sword of holy wrath
Armour
 k - the +2 robe of Okawaru's Fury (worn) {Rampage rPois rC+ Archmagi}
   (Okawaru gifted it to you on level 1 of the Lair of Beasts)

   rC:        It protects you from cold.
   rPois:     It protects you from poison.
   Rampage:   It bestows one free step when moving towards enemies.
   Archmagi:  It increases the power of your magical spells.
 m - a +2 animal skin
 q - a +2 pair of gloves of dexterity (worn)
 r - a +2 pair of boots (worn)
Jewellery
 g - a ring of poison resistance (left hand)
 y - an amulet of regeneration (around neck)
 B - an amulet of reflection
 D - a +6 ring of strength
 E - a ring of ice
Wands
 h - a wand of flame (12)
Scrolls
 e - 2 scrolls of identify {@r1}
 n - 3 scrolls of enchant armour
 w - 2 scrolls of amnesia
Potions
 c - 5 potions of haste {@q3}
 d - a potion of degeneration
 f - 4 potions of lignification
 j - 5 potions of curing {@q1}
 o - 2 potions of flight
 p - a potion of attraction
 s - 4 potions of ambrosia
 t - 2 potions of mutation
 x - a potion of cancellation
 z - a potion of heal wounds {@q2}
 A - a potion of resistance
Miscellaneous
 l - a condenser vane (inert)
 C - a phial of floods (inert)


   Skills:
 + Level 9.6 Fighting
 - Level 2.6 Short Blades
 - Level 1.7 Dodging
 - Level 4.3 Stealth
 - Level 7.0 Spellcasting
 - Level 6.7 Conjurations
 + Level 11.1 Transmutations
 * Level 12.0 Earth Magic
 - Level 3.0 Invocations


You had 5 spell levels left.
You knew the following spells:

 Your Spells              Type           Power      Damage    Failure   Level
a - Stone Arrow           Conj/Erth      100%       3d13      1%          3
b - Searing Ray           Conj           100%       2d8       1%          2
c - Petrify               Tmut/Erth      71%        N/A       1%          4
d - Statue Form           Tmut/Erth      47%        N/A       12%         6
h - Irradiate             Conj/Tmut      30%        3d21      6%          5

Your spell library contained the following spells:

 Spells                   Type           Power      Damage    Failure   Level
 Beastly Appendage        Tmut           100%       N/A       1%          1
 Magic Dart               Conj           100%       1d8       1%          1
 Sandblast                Erth           100%       2d20      1%          1
 Passwall                 Tmut/Erth      59%        N/A       1%          2
 Spider Form              Tmut/Pois      45%        N/A       2%          3
 Dazzling Flash           Conj/Hex       64%        N/A       7%          3
 Apportation              Tloc           22%        N/A       9%          1
 Freeze                   Ice            44%        1d6       9%          1
 Ice Form                 Ice/Tmut       45%        N/A       9%          4
 Borgnjor's Vile Clutch   Necr/Erth      24%        N/A       21%         5
 Fulminant Prism          Conj/Hex       16%        3d11      22%         4
 Hailstorm                Conj/Ice       32%        3d8       22%         4
 Iskenderun's Mystic Bla  Conj/Tloc      32%        2d8       22%         4
 Frozen Ramparts          Ice            22%        1d4       26%         3
 Gell's Gravitas          Tloc           11%        N/A       26%         3
 Inner Flame              Hex/Fire       11%        N/A       26%         3
 Lesser Beckoning         Tloc           11%        N/A       26%         3
 Teleport Other           Tloc           11%        N/A       26%         3
 Alistair's Intoxication  Tmut/Pois      30%        N/A       26%         5
 Cause Fear               Hex            5%         N/A       65%         4
 Metabolic Englaciation   Hex/Ice        5%         N/A       94%         5
 Dragon Form              Tmut           34%        N/A       61%         7
 Discord                  Hex            5%         N/A       100%        8
 Animate Dead             Necr           Unusable   N/A       N/A         4
 Death Channel            Necr           Unusable   N/A       N/A         6

Dungeon Overview and Level Annotations

Branches:
Dungeon (9/15)             Temple (0/1) D:6            Lair (3/5) D:8
Ossuary (visited)
  Swamp: Lair:2-3    Shoals: Lair:2-3     Snake: Lair:2-3    Spider: Lair:2-3
    Orc: D:9-12

Altars:
Ashenzari
Cheibriados
Fedhas
Gozag
Hepliaklqana
Nemelex Xobeh
Okawaru
Qazlal
Uskayaw
Vehumet
The Shining One

Shops:
D:3 *   D:7 :*?

Annotations:
D:5 2 transporters, exclusion: ogre, GravelGoth's ghost, novice MiFi; Menkaure
D:9 Amaemon
Lair:3 1 runed translucent door, Sadonosm's ghost, journeyman DgSk


Innate Abilities, Weirdness & Mutations

You cannot be hasted, slowed, berserked, paralysed or teleported.
You can dig through walls and to a lower floor.
You have a pair of large antennae on your head. (SInv)
Your four strong arms can wield two-handed weapons with a shield.


Message History

Aiming: Petrify (mildly dangerous; 1% risk of failure)
Press: ? - help, Shift-Dir - straight line, f/p - komodo dragon
Aim: a komodo dragon (chance to affect: 64%)
You feel a surge of power!
The komodo dragon struggles to resist.
A nearby plant withers and dies.
The komodo dragon closely misses you.
You are overwhelmed by glittering dream dust!
You feel drowsy...
You fall asleep.
The dream sheep bites you but does no damage.
The komodo dragon bites you!!
You wake up.
The dream sheep closely misses you. The dream sheep barely misses you.
The dream sheep attacks as you move away!
The dream sheep bites you but does no damage.
The komodo dragon attacks as you move away!
The komodo dragon bites you!!
* * * LOW HITPOINT WARNING * * *
Okay, then.
You feel much better. The komodo dragon closely misses you.
Casting: Petrify (mildly dangerous; 1% risk of failure)
Confirm with . or Enter, or press ? or * to list all spells.
You feel a surge of power!
You erupt in a fountain of uncontrolled magic!
The komodo dragon is blasted with magical radiation!!
The komodo dragon is severely wounded.
The komodo dragon twists and deforms.
The plant is blasted with magical radiation!!!
The plant begins to die.
The plant is moderately damaged.
The plant twists and deforms.
You are very lightly contaminated with residual magic.
The komodo dragon bites you!
* * * LOW HITPOINT WARNING * * *
You feel much better.
The dream sheep is no longer waterlogged.
The komodo dragon misses you.
You feel very mighty all of a sudden. The komodo dragon bites you!
The dream sheep shake their wool and sparkle.
You feel drowsy...
You fall asleep.
The komodo dragon bites you!!!
You die...

##...............
#................
##.†..........
#P.>.........
##.......... ## ####
##.......... #..#.#.
###...........
.......###Y##P....##...
..P.#...YYYl@...P.# ##.
.........#.#Y....##
Y......###.Y.#..##
....}.. #####...#
......# #...# Y.....
##..# .....# .## .....
.. ..###


You could see a komodo dragon (misshapen) and 6 dream sheep.

Vanquished Creatures
  Fannar (Lair:1)
  4 hydras
  4 elephants
  5 cane toads
  2 black mambas (Lair:3)
  3 komodo dragons
  A troll (D:6)
  A polar bear (Lair:3)
  A dream sheep (Lair:3)
  A wyvern (D:8)
  20 yaks
  2 basilisks (Lair:1)
  A steam dragon (D:9)
  8 water moccasins
  Duvessa (D:7)
  An orc warrior (D:6)
  3 centaurs
  5 wolves (Lair:1)
  A phantom (D:5)
  An elf zombie (Ossuary)
  A kobold brigand (D:8)
  5 bullfrogs
  A gnoll sergeant (D:8)
  A necrophage (D:4)
  A scorpion (D:5)
  8 wights
  Dowan (D:7)
  4 killer bees (D:5)
  2 howler monkeys (D:7)
  A lava snake (D:8)
  2 centaur zombies (Ossuary)
  2 human zombies (Ossuary)
  3 hounds
  2 jellies
  A gnoll bouda (D:7)
  An orc priest (D:8)
  3 iguanas
  Natasha (thrice) (D:2)
  5 orc wizards
  3 hound zombies (Ossuary)
  3 mummies (Ossuary)
  Robin (D:2)
  13 gnolls
  8 adders
  A shadow imp (D:6)
  An ufetubus (D:6)
  2 adder zombies (Ossuary)
  30 orcs
  4 ball pythons
  3 bats (D:1)
  4 endoplasms
  A giant cockroach (D:2)
  9 goblins
  18 hobgoblins
  4 jackals (D:1)
  5 quokkas
  2 frilled lizards
  A gnoll zombie (Ossuary)
  4 goblin zombies (Ossuary)
  3 hobgoblin zombies (Ossuary)
  3 jackal zombies (Ossuary)
  9 kobolds
  4 kobold zombies (Ossuary)
  2 orc zombies (Ossuary)
  4 quokka zombies (Ossuary)
  6 rats
  4 rat zombies (Ossuary)
265 creatures vanquished.

Vanquished Creatures (others)
  10 fungi
  17 plants
  2 withered plants (Lair:3)
29 creatures vanquished.

Grand Total: 294 creatures vanquished

Notes
Turn   | Place    | Note
-------+----------+-------------------------------------------
     0 | D:1      | freelancePsychic the Formicid Conjurer began the quest for
                  | the Orb.
     0 | D:1      | Reached XP level 1. HP: 13/13 MP: 3/3
   358 | D:1      | Reached XP level 2. HP: 20/20 MP: 3/5
   421 | D:2      | Noticed Natasha
   432 | D:2      | Noticed a crimson imp
   433 | D:2      | Noticed Robin
   436 | D:2      | You fall into a shaft and drop 1 floor!
   448 | D:3      | Learned a level 2 spell: Searing Ray
   470 | D:3      | Found a faded altar of an unknown god.
   803 | D:3      | Found Teicuell's Assorted Antiques.
   877 | D:2      | Noticed a crimson imp
   880 | D:3      | Reached skill level 1 in Fighting
  1043 | D:3      | Reached XP level 3. HP: 22/26 MP: 3/6
  1193 | D:2      | Reached skill level 1 in Earth Magic
  1266 | D:3      | Reached skill level 1 in Transmutations
  1431 | D:3      | Reached XP level 4. HP: 12/32 MP: 2/7
  1712 | D:2      | Killed Natasha
  1713 | D:2      | Reached skill level 2 in Earth Magic
  2093 | D:2      | Reached XP level 5. HP: 38/38 MP: 8/8
  2098 | D:2      | Learned a level 4 spell: Petrify
  2112 | D:2      | Killed Robin
  2397 | D:1      | Found a faded altar of an unknown god.
  2406 | D:1      | Got Plato's Directory of Transmutation
  2886 | D:2      | Noticed Natasha
  3000 | D:2      | Got the Incunable of Shapes
  3082 | D:2      | Killed Natasha
  3185 | D:2      | Noticed Natasha
  3191 | D:2      | Killed Natasha
  3192 | D:2      | Reached XP level 6. HP: 37/45 MP: 3/9
  3846 | D:4      | Found a radiant altar of Vehumet.
  3929 | D:3      | Found an iron altar of Okawaru.
  3935 | D:3      | Became a worshipper of Warmaster Okawaru
  4199 | D:4      | Found a blossoming altar of Fedhas.
  4652 | D:4      | Reached XP level 7. HP: 45/51 MP: 0/10
  4797 | D:5      | Entered Level 5 of the Dungeon
  4803 | D:5      | Reached skill level 1 in Invocations
  4868 | D:5      | Found a sparkling altar of Nemelex Xobeh.
  5709 | D:5      | Found a transporter.
  5712 | D:5      | Noticed GravelGoth's ghost (novice MiFi)
  5717 | D:5      | Found a transporter.
  5962 | D:5      | Found a hazy altar of Hepliaklqana.
  6051 | D:5      | Reached skill level 3 in Earth Magic
  6095 | D:5      | Found an opulent altar of Gozag.
  6160 | D:5      | Reached * piety under Okawaru
  6161 | D:5      | Reached XP level 8. HP: 52/58 MP: 3/12
  6343 | D:5      | Reached skill level 5 in Transmutations
  6564 | D:5      | Noticed Menkaure
  6646 | D:6      | Reached skill level 4 in Earth Magic
  7162 | D:6      | Learned a level 3 spell: Stone Arrow
  7812 | D:6      | Found a staircase to the Ecumenical Temple.
  7842 | D:7      | Noticed Dowan
  7845 | D:7      | Noticed Duvessa
  8136 | D:7      | Found Vymur's Magic Scroll Shoppe.
  8292 | D:7      | Reached skill level 5 in Earth Magic
  8389 | D:7      | Noticed a troll
  8431 | D:6      | Reached XP level 9. HP: 63/66 MP: 10/15
  8437 | D:6      | Learned a level 5 spell: Irradiate
  8476 | D:6      | Killed a troll
  8476 | D:6      | Reached ** piety under Okawaru
  8602 | D:7      | Killed Duvessa
  8603 | D:7      | Reached skill level 6 in Earth Magic
  8839 | D:7      | Killed Dowan
  8840 | D:7      | Reached skill level 5 in Fighting
  8944 | D:7      | Reached skill level 1 in Short Blades
  8945 | D:7      | Reached skill level 5 in Conjurations
  9037 | D:7      | Found Cutot's General Store.
  9067 | D:7      | Bought a scroll of enchant armour for 82 gold pieces
  9452 | D:7      | Found Iddeowk's Self-Improvement Boutique.
  9516 | D:8      | Found a broken altar of Ashenzari.
  9516 | D:8      | Found a snail-covered altar of Cheibriados.
  9516 | D:8      | Found a stormy altar of Qazlal.
  9517 | D:8      | Found a glowing golden altar of the Shining One.
  9824 | D:8      | Found a staircase to the Lair.
  9828 | D:8      | Found a sand-covered staircase.
  9838 | Ossuary  | Entered an ossuary
 10094 | Ossuary  | Reached *** piety under Okawaru
 10434 | D:8      | Reached XP level 10. HP: 69/75 MP: 16/16
 10677 | D:8      | Found a hide-covered altar of Uskayaw.
 11707 | D:9      | Noticed Amaemon
 11707 | D:9      | Noticed an orange demon
 12244 | Lair:1   | Entered Level 1 of the Lair of Beasts
 12389 | Lair:1   | Noticed a five-headed hydra
 12421 | Lair:1   | Noticed a komodo dragon
 12427 | Lair:1   | Reached **** piety under Okawaru
 12459 | Lair:1   | Killed a komodo dragon
 12608 | Lair:1   | Reached skill level 7 in Earth Magic
 12623 | Lair:1   | Reached skill level 5 in Spellcasting
 12760 | Lair:1   | Reached XP level 11. HP: 84/84 MP: 14/18
 12770 | Lair:1   | Reached skill level 10 in Transmutations
 12789 | Lair:1   | Reached ***** piety under Okawaru
 13132 | Lair:1   | Learned a level 6 spell: Statue Form
 13269 | Lair:1   | Noticed a four-headed hydra
 13277 | Lair:1   | Killed a four-headed hydra
 13277 | Lair:1   | Identified the +2 robe of Okawaru's Fury {Rampage rPois rC+
                  | Archmagi} (Okawaru gifted it to you on level 1 of the Lair
                  | of Beasts)
 13277 | Lair:1   | Received a gift from Okawaru
 13278 | Lair:1   | Reached skill level 8 in Earth Magic
 13362 | Lair:1   | Noticed Fannar
 13368 | Lair:1   | Killed Fannar
 13424 | Lair:1   | Reached skill level 9 in Earth Magic
 13704 | Lair:1   | Killed a five-headed hydra
 14369 | Lair:2   | Reached skill level 10 in Earth Magic
 14421 | Lair:2   | Noticed a seven-headed hydra
 14439 | Lair:2   | Killed a seven-headed hydra
 14440 | Lair:2   | Reached XP level 12. HP: 82/94 MP: 15/22
 15170 | Lair:3   | Noticed a seven-headed hydra
 15208 | Lair:3   | Killed a seven-headed hydra
 15370 | Lair:3   | Found a runed translucent door.
 15370 | Lair:3   | Noticed Sadonosm's ghost (journeyman DgSk)
 15404 | Lair:3   | Reached skill level 11 in Earth Magic
 15425 | Lair:3   | Reached ****** piety under Okawaru
 15931 | Lair:3   | Received a gift from Okawaru
 16058 | Lair:3   | Reached skill level 12 in Earth Magic
 16134 | Lair:3   | Mangled by a komodo dragon

Illustrated notes

Levels and vault maps discovered:
D:1:      dpeg_arrival_shelter, layout_loops_ring,
          shapermc_ecumenical_altar_rom_forum, nicolae_hexahallways,
          grunt_decor_cap, kennysheep_another_room
D:2:      layout_basic, uniq_natasha, uniq_robin
D:3:      layout_basic, nicolae_overflow_ecumenical_swirl, serial_shops,
          nicolae_shop_competitors_out_of_business, st_stairs_14,
          kennysheep_cross_room, grunt_decor_arrowhead,
          chequers_serial_rivers_micro_b, minmay_misc_feat_plants,
          chequers_serial_rivers_room_b
D:4:      layout_basic, lemuel_doored_altar,
          mainiacjoe_overflow_concentric_impassable, minmay_manual_macuahuitl
D:5:      layout_rooms, mainiacjoe_overflow_two_lobes,
          nemelex_spade_bored_becter, gammafunk_ghost_mausoleum, uniq_menkaure
D:6:      layout_gridville, temple_hall
D:7:      layout_cave_pools, serial_shops, nicolae_square_shop, shop,
          nicolae_shop_self_help, uniq_duvessa
D:8:      layout_cave_pods, nicolae_uskayaw_suspiria,
          grunt_temple_overflow_open, dpeg_oklobed_lair,
          nicolae_ossuary_entry_ruins
D:9:      layout_gridville, orc_0_dummy, minivault_24, grunt_ministairs_2,
          uniq_amaemon, uniq_gastronok
Lair:1:   layout_loops_ring, uniq_fannar
Lair:2:   layout_regular_city, fungi_pond_lemuel, beast_lair_carwin_2
Lair:3:   layout_cave_pods, skrybe_swamp_entry_bodies, dummy_spider_entry,
          gammafunk_ghost_grave, chequers_serial_rivers_small_a

Skill      XL: |  1  2  3  4  5  6  7  8  9 10 11 12 |
---------------+-------------------------------------+-----
Fighting       | 1 2 3 4 5 7 8 9 |  9.6
Stealth        | 3 4 |  4.3
Earth Magic    | 1 2 3 5 6 7 10 12 | 12.0
Transmutations | 1 2 3 4 6 7 9 10 11 | 11.1
Conjurations   | 4 5 6 |  6.7
Invocations    | 1 3 |  3.0
Spellcasting   | 3 4 5 7 |  7.0
Short Blades   | 2 |  2.6
Dodging        | |  1.7

Action                   |  1- 3 |  4- 6 |  7- 9 | 10-12 || total
-------------------------+-------+-------+-------+-------++-------
Melee: Dagger            |       |       |   135 |   346 ||   481
       Short sword       |       |       |   189 |       ||   189
       Punch             |       |       |     7 |    12 ||    19
 Fire: Sling             |    35 |   151 |    90 |       ||   276
 Cast: Magic Dart        |    13 |       |       |       ||    13
       Searing Ray       |     9 |    21 |    24 |     2 ||    56
       Stone Arrow       |       |       |    42 |    10 ||    52
       Petrify           |       |       |    17 |    86 ||   103
       Irradiate         |       |       |       |     6 ||     6
       Statue Form       |       |       |       |     1 ||     1
Invok: Heroism           |       |       |     1 |     1 ||     2
 Abil: Shaft Self        |     1 |       |       |       ||     1
       Dig               |       |       |       |     3 ||     3
       End Transformatio |       |       |       |     1 ||     1
Evoke: Wand              |       |       |     2 |     8 ||    10
       Phial of floods   |       |       |       |     2 ||     2
       Condenser vane    |       |       |       |     1 ||     1
  Use: Scroll            |     1 |     1 |    12 |    10 ||    24
       Potion            |       |       |     4 |     4 ||     8
 Stab: Petrified         |       |       |    26 |   113 ||   139
       Petrifying        |       |       |     6 |    32 ||    38
       Sleeping          |       |       |     6 |     9 ||    15
Armor: Robe              |     5 |     2 |       |    49 ||    56
       Animal skin       |       |    31 |   193 |    46 ||   270
Dodge: Dodged            |    18 |    61 |   323 |   187 ||   589
